 Dungeon Crawl Stone Soup version 0.29-a0-821-g66395355a5 (webtiles) character file.

Game seed: 9925560401178390663

37 garo1102 the Magician (level 3, -1/26 HPs)
             Began as a Djinni Fire Elementalist on July 7, 2022.
             Slain by a jackal (3 damage)
             ... on level 1 of the Dungeon.
             The game lasted 00:05:08 (1835 turns).

garo1102 the Magician (Djinni Fire Elementalist)    Turns: 1835, Time: 00:05:09

Health: -1/26      AC:  2    Str:  7    XL:     3   Next: 62%
Gold:   60         EV: 12    Int: 18    God:
                   SH:  0    Dex: 13

rFire   + + .      SeeInvis .   c - +0 short sword
rCold   x . .      Faith    .   (no shield)
rNeg    . . .      Spirit   .   a - +0 robe
rPois   ∞          Reflect  .   (no helmet)
rElec   .          Harm     .   (no cloak)
rCorr   .          Rampage  .   (no gloves)
Will    .....                   (boots unavailable)
Stlth   ++........              (no amulet)
HPRegen 0.08/turn               (no ring)
MPRegen 0.00/turn               (no ring)

@: flying
A: sickness immunity, fire resistance 2, cold vulnerability 1, float, innate
caster, HP casting, extra vitality 1
a: no special abilities


You were on level 1 of the Dungeon.
You visited 1 branch of the dungeon, and saw 1 of its levels.

You collected 60 gold pieces.

Inventory:

Hand Weapons
 c - a +0 short sword (weapon)
 f - a +0 dagger
Armour
 a - a +0 robe (worn)
Scrolls
 b - 3 scrolls of identify {unknown}
 h - a scroll of magic mapping {unknown}
 l - a scroll of amnesia {unknown}
Potions
 d - a potion of heal wounds {unknown}
 e - a potion of resistance {unknown}
 g - a potion of degeneration {unknown}
 i - a potion of cancellation {unknown}
 j - a potion of ambrosia {unknown}
 k - 2 potions of magic {unknown}


   Skills:
 * Level 0.9 Fighting
 + Level 0.3 Short Blades
 + Level 2.5 Dodging
 - Level 1.5 Stealth
 * Level 3.1 Spellcasting


You couldn't memorise any spells.
You knew the following spells:

 Your Spells              Type           Power      Damage    Failure   Level
a - Foxfire               Conj/Fire      52%        2x1d6     4%          1
b - Scorch                Fire           26%        2d6       7%          2
c - Conjure Flame         Conj/Fire      13%        6-21      14%         3
d - Inner Flame           Hex/Fire       13%        N/A       14%         3
e - Flame Wave            Conj/Fire      13%        2d6       41%         4
f - Beastly Appendage     Tmut           26%        N/A       4%          1
Your spell library was empty.

Dungeon Overview and Level Annotations

Branches:
Dungeon (1/15)

Altars:


Innate Abilities, Weirdness & Mutations

You are immune to sickness and miasma.
You are immune to poison.
Your flesh is very heat resistant. (rF++)
You are vulnerable to cold. (rC-)
You float through the air rather than walking.
You learn spells naturally, not from books.
Your magical power is your life essence.
You have superior vitality. (+4 MHP)


Message History

The bat barely misses you. The jackal attacks as you move away!
The jackal barely misses you. The bat misses you. The bat hits you.
* * * LOW HITPOINT WARNING * * *
The bat barely misses you. The bat hits you but does no damage.
The jackal attacks as you move away! The jackal barely misses you.
The bat hits you.
* * * LOW HITPOINT WARNING * * *
The jackal barely misses you. The bat attacks as you move away!
The bat hits you but does no damage. The jackal attacks as you move away!
The jackal barely misses you. The bat hits you but does no damage.
The bat closely misses you. The bat barely misses you. The jackal misses you.
The bat closely misses you. The bat attacks as you move away!
The bat hits you but does no damage. x2
The bat completely misses you. The bat hits you.
* * * LOW HITPOINT WARNING * * *
Casting: Foxfire (safe; 4% risk of failure)
Confirm with . or Enter, or press ? or * to list all spells.
You conjure some foxfire!
* * * LOW HITPOINT WARNING * * *
The bat misses you. x2
The jackal bites you but does no damage.
Your foxfire dissipates!
The foxfire hits the jackal.
You kill the jackal!
The bat barely misses you.
You reach down and open the door.
The bat misses you. The bat barely misses you.
You hit the jackal.
You kill the jackal!
The bat hits you.
* * * LOW HITPOINT WARNING * * *
The jackal bites you but does no damage.
The bat hits you but does no damage. The jackal bites you.
* * * LOW HITPOINT WARNING * * *
The jackal attacks as you move away! The jackal bites you.
You die...

#..####....##).##.###.#####
#..........##..#..........#
#..............##.###.###.#
#..####........#...##.# #.# #..
#....##..#......###.####### #.
#....##..#...###.......##.# #.
##.####..##.## #.##.##.#.#. #...
...# #.†h†.# #.##.....### #..#
##..# #..#@b# #.#####.#.#. #..#
#..# #..##'## #.......##.#
#..####..## #..#...############.#
#..##.....# #..#....## ### #.#
#.........# #..#.....## ##.###.#
#.........# #..#......####...##.#
#.........###..#......'......†...
#..##..<.......#......####......#
#..##..........#.....## ##.#####


You could see a jackal and a bat.

Vanquished Creatures
  A gnoll (D:1)
  A bat (D:1)
  An endoplasm (D:1)
  3 giant cockroaches (D:1)
  3 goblins (D:1)
  4 hobgoblins (D:1)
  2 jackals (D:1)
  A quokka (D:1)
  3 ball pythons (D:1)
  2 frilled lizards (D:1)
  3 kobolds (D:1)
  A rat (D:1)
25 creatures vanquished.

Vanquished Creatures (others)
  27 foxfires (D:1)
27 creatures vanquished.

Grand Total: 52 creatures vanquished

Notes
Turn   | Place    | Note
-------+----------+-------------------------------------------
     0 | D:1      | garo1102 the Djinni Fire Elementalist began the quest for
                  | the Orb.
     0 | D:1      | garo1102 set off with the following spells memorised:
                  | Foxfire, Scorch, Conjure Flame, Inner Flame, Flame Wave.
     0 | D:1      | Reached XP level 1. HP: 15/15 MP: 0/0
   382 | D:1      | Reached XP level 2. HP: 15/21 MP: 0/0
   481 | D:1      | Found a faded altar of an unknown god.
   687 | D:1      | Reached XP level 3. HP: 10/26 MP: 0/0
   687 | D:1      | Learned a level 1 spell: Beastly Appendage
   987 | D:1      | Reached skill level 3 in Spellcasting
  1835 | D:1      | Slain by a jackal

Illustrated notes

Levels and vault maps discovered:
D:1:      dpeg_arrival_boxes_within_box, layout_loops_corners,
          chequers_ecumenical_altar_simple_redux, kennysheep_decorative_pillar

Skill      XL: |  1  2  3 |
---------------+----------+-----
Spellcasting   | 3 |  3.1
Fighting       | |  0.9
Short Blades   | |  0.3
Dodging        | |  2.5
Stealth        | |  1.5

Action                   || total
-------------------------++-------
Melee: Short sword       ||    59
       Unarmed           ||     1
 Cast: Foxfire           ||    18
 Stab: Sleeping          ||     1
Armor: Robe              ||    23
Dodge: Dodged            ||    68

Table legend: (Time is in decaauts)
 A = Elapsed time spent in this place.
 B = Non-inter-level travel time spent in this place.
 C = Inter-level travel time spent in this place.
 D = Time resting spent in this place.
 E = Time spent auto-exploring this place.
 F = Levels seen in this place.
 G = Mean time per level.
                   A        B        C        D        E       F      G
               +--------+--------+--------+--------+--------+-----+--------+
         Total |   1840 |   1840 |      0 |    501 |   1081 |   1 | 1840.0 |
       Dungeon |   1840 |   1840 |      0 |    501 |   1081 |   1 | 1840.0 |
               +--------+--------+--------+--------+--------+-----+--------+

Top non-repeatable levels by time:
     D:1: 1840 daAuts
